 Dungeon Sprint DCSS version 0.17-a0-1646-geb1493d (webtiles) character file.

21500 Kidiri the Peltast (level 12, -2/115 HPs)
             Began as a Minotaur Fighter on Aug 10, 2015.
             Was the Champion of Okawaru.
             Engulfed by a cloud of blessed fire (19 damage)
             ... in the Dungeon (Sprint V: "Ziggurat Sprint").
             The game lasted 00:08:49 (1074 turns).

Kidiri the Peltast (Minotaur Fighter)               Turns: 1074, Time: 00:08:49

Health: -2/115     AC: 39    Str: 41    XL:     12   Next: 54%
Magic:  17/17      EV: 10    Int:  5    God:    Okawaru [******]
Gold:   0          SH: 36    Dex: 10    Spells: 0 memorised, 11 levels left

rFire  + . .     SeeInvis +     l - +14 obsidian axe {chop, +Fly Str+3 SInv *Curse} (curse)
rCold  . . .     Clarity  .     m - +15 Maxwell's patent armour {-Cast -Tele rElec MR+ rCorr}
rNeg   + . .     SustAt   .     n - +18 shield of the gong {rElec rN+ MR+ EV-5}
rPois  +         Gourm    .     (helmet unavailable)
rElec  +         Spirit   .     b - +0 cloak {rPois}
rCorr  +         Warding  .     y - +2 pair of gloves {archery}
rMut   .         NoTele   +     (no boots)
MR     ++...     NoCast   +     a - amulet of resist corrosion
Stlth  ..........               p - +6 ring of strength
                                q - +6 ring of strength

@: mesmerised, glowing, studying Dodging, very resistant to hostile
enchantments, extremely unstealthy
A: retaliatory headbutt, horns 3, talons 1, icy blue scales 1, blurry vision 2,
fire resistance 1, low mp 1, spit poison 1, evolution 1, no device heal 1,
subdued magic 1, MP-powered wands
a: Spit Poison, Heroism, Finesse, Renounce Religion, Evoke Flight


You were in the Dungeon.
You worshipped Okawaru.
Okawaru was exalted by your worship.
You were not hungry.

You visited 1 branch

Inventory:

Hand weapons
 l - the cursed +14 obsidian axe (weapon) {chop, +Fly Str+3 SInv *Curse}
   (You found it in the Dungeon)

   It inflicts extra damage upon your enemies.
   It affects your strength (+3).
   It lets you see invisible.
   It lets you fly.
   It may re-curse itself when equipped.
   It has a curse placed upon it.
Armour
 b - a +0 cloak of poison resistance (worn)
 m - the +15 Maxwell's patent armour (worn) {-Cast -Tele rElec MR+ rCorr}
   (You found it in the Dungeon)

   It insulates you from electricity.
   It affects your resistance to hostile enchantments.
   It prevents spellcasting.
   It prevents most forms of teleportation.
   It protects you from acid and corrosion.
 n - the +18 shield of the gong (worn) {rElec rN+ MR+ EV-5}
   (You found it in the Dungeon)

   It affects your evasion (-5).
   It insulates you from electricity.
   It protects you from negative energy.
   It affects your resistance to hostile enchantments.
 y - a +2 pair of gloves of archery (worn)
Jewellery
 a - an amulet of resist corrosion (around neck)
 c - the ring of Naunoug {rN+ Str+2}
   (You took it off a yaktaur in the Dungeon)

   [ring of positive energy]

   It affects your strength (+2).
   It protects you from negative energy.
 p - a +6 ring of strength (right hand)
 q - a +6 ring of strength (left hand)
Magical devices
 r - a wand of disintegration (7)
 s - a wand of fire (5)
 t - a wand of cold (5)
 u - a wand of draining (5)
Scrolls
 k - 4 scrolls of blinking
 B - 3 scrolls of recharging
 C - 7 scrolls of fog
 D - a scroll of holy word
 E - 5 scrolls of identify
 F - 5 scrolls of remove curse
 G - 2 scrolls of fear
Potions
 f - 10 potions of curing
 g - 9 potions of heal wounds
 h - 6 potions of haste
 i - 7 potions of magic
 j - 3 potions of berserk rage
 v - 2 potions of brilliance
 w - 2 potions of invisibility
 x - 4 potions of resistance
 A - 5 potions of agility
Books
 o - a manual of Dodging
Comestibles
 d - 27 chunks of flesh
 e - 5 bread rations
 H - 42 fruits
 I - 4 meat rations


   Skills:
 + Level 13.5 Fighting
 * Level 17.8 Axes
 * Level 17.9 Armour
 + Level 14.0 Dodging
 * Level 20.2 Shields
 + Level 11.2 Invocations


You had 11 spell levels left.
You didn't know any spells.

Dungeon Overview and Level Annotations

Branches:
Dungeon (1/1)

Altars:
Ashenzari
Cheibriados
Dithmenos
Elyvilon
Fedhas
Gozag
Kikubaaqudgha
Makhleb
Nemelex Xobeh
Okawaru
Qazlal
Ru
Sif Muna
Trog
Vehumet
Xom
Yredelemnul
Zin
The Shining One
Beogh
Jiyva
Lugonu


Innate Abilities, Weirdness & Mutations

You reflexively headbutt those who attack you in melee.
You have a pair of large horns on your head.
You have sharp toenails.
You are partially covered in icy blue scales (AC +1).
Scrolls take you longer to read.
Your flesh is heat resistant.
Your magical capacity is low (-10% MP).
You can spit weak poison.
You evolve.
Potions and wands are less effective at restoring your health.
Your spells are a little easier to cast, but a little less powerful.
You expend magic power (3 MP) to strengthen your wands.


Message History

The ophan is severely wounded.
You slice the pearl dragon!!
You break out of your daze!
You kill the pearl dragon!
Okawaru is honoured by your kill. Something appears at your feet!
Okawaru grants you a gift!
Your Dodging skill increases to level 14!
Your Shields skill increases to level 20!
Visions of slaying the ophan flood into your mind.
You are engulfed in blessed fire.
* * * LOW HITPOINT WARNING * * *
You block the orange demon's attack.
PANG!
You slash the ophan! You open a gate to Pandemonium!
A demon appears!
You claw the ophan, but do no damage.
You headbutt the ophan, but do no damage.
The ophan is almost dead.
You are engulfed in blessed fire.
You die...

▓▓▓▓▓▓▓▓▓▓▓▓
▓...8©8...▓...8©8...▓.
▓..):[|"".▓..[3.}}..▓.
▓..:?"":..▓..|3)[)..▓.
▓.........▓.........▓.
▓.........▓.........▓.
▓.........▓.........▓.
▓...3G§...▓...)[)...▓.
▓...§@§...▓...))....▓.
▓.▓.§§§.▓.▓.▓.....▓.▓.
▓..4§.§...▓.........▓▓
▓▓▓▓▓▓▓▓▓▓▓▓▓▓▓▓▓▓▓▓▓


You could see an ophan, an orange demon and a friendly ice devil.

Vanquished Creatures
  A pearl dragon (D)
  A lich (D)
  A shadow dragon (D)
  3 apis (D)
  7 vault guards (D)
  An unseen horror (shapeshifter) (D)
  3 ugly things (D)
  A shining eye (D)
  A yaktaur (D)
  A spiny frog (D)
  2 komodo dragons (shapeshifter) (D)
  A queen bee (shapeshifter) (D)
  A large abomination (D)
  2 yaks (D)
  3 slime creatures (D)
  A ynoxinul (D)
  A tarantella (D)
  3 neqoxecs (D)
  A hippogriff (D)
  2 hell hounds (D)
  A brain worm (D)
  2 scorpions (D)
  A jelly (D)
  An iguana (D)
  2 iron imps (D)
  2 mummies (D)
  2 river rats (D)
  A shadow imp (D)
  3 white imps (D)
  2 oozes (D)
  2 adder zombies (D)
  2 adder skeletons (D)
  A bat zombie (D)
  A jackal (D)
  A quokka zombie (D)
61 creatures vanquished.

Vanquished Creatures (collateral kills)
  An anubis guard (D)
  A shining eye (D)
  2 eyes of devastation (D)
  A fire drake (shapeshifter) (D)
  A sheep (D)
6 creatures vanquished.

Vanquished Creatures (others)
  An ufetubus (D)
1 creature vanquished.

Grand Total: 68 creatures vanquished

Notes
Turn   | Place    | Note
--------------------------------------------------------------
     0 | D        | Kidiri the Minotaur Fighter began the quest for the Orb.
     0 | D        | Reached XP level 1. HP: 19/19 MP: 0/0
     0 | D        | Found an iron altar of Okawaru.
     0 | D        | Found a burning altar of Makhleb.
     0 | D        | Found a radiant altar of Vehumet.
     0 | D        | Found a deep blue altar of Sif Muna.
     0 | D        | Found a shimmering altar of Xom.
     7 | D        | Found a sparkling altar of Nemelex Xobeh.
     7 | D        | Found a bloodstained altar of Trog.
     7 | D        | Found a white marble altar of Elyvilon.
     7 | D        | Found a corrupted altar of Lugonu.
     7 | D        | Found a roughly hewn altar of Beogh.
    41 | D        | Found a viscous altar of Jiyva.
    82 | D        | Became a worshipper of Warmaster Okawaru
    83 | D        | Reached skill level 4 in Fighting
    83 | D        | Reached skill level 5 in Armour
    83 | D        | Reached skill level 5 in Shields
    83 | D        | Reached XP level 2. HP: 24/28 MP: 0/2
   116 | D        | Entered arena 1.
   120 | D        | Reached skill level 5 in Axes
   129 | D        | Entered arena 2.
   129 | D        | Noticed a tarantella
   129 | D        | Noticed a scorpion
   129 | D        | Noticed a scorpion
   131 | D        | Killed a tarantella
   131 | D        | Reached skill level 5 in Fighting
   131 | D        | Reached skill level 6 in Axes
   131 | D        | Reached skill level 7 in Armour
   131 | D        | Reached XP level 3. HP: 34/37 MP: 2/4
   131 | D        | Reached XP level 4. HP: 40/44 MP: 2/5
   131 | D        | Reached XP level 5. HP: 45/50 MP: 2/6
   132 | D        | Killed a scorpion
   132 | D        | Acquired Okawaru's first power
   134 | D        | Killed a scorpion
   134 | D        | Reached skill level 8 in Armour
   181 | D        | Entered arena 3.
   181 | D        | Noticed a hell hound
   184 | D        | Killed a hell hound
   184 | D        | Reached skill level 5 in Dodging
   184 | D        | Reached XP level 6. HP: 34/58 MP: 8/8
   192 | D        | Got the ring of Sydecotru {Fire Dex+6}
   307 | D        | Entered arena 4.
   307 | D        | Noticed an iron imp
   307 | D        | Noticed an iron imp
   307 | D        | Noticed a hell hound
   311 | D        | Killed an iron imp
   311 | D        | Reached skill level 9 in Armour
   312 | D        | Killed an iron imp
   313 | D        | Killed a hell hound
   313 | D        | Reached skill level 5 in Invocations
   313 | D        | Reached XP level 7. HP: 63/66 MP: 9/9
   327 | D        | Entered arena 5.
   327 | D        | Noticed an anubis guard
   338 | D        | Killed an anubis guard
   338 | D        | Reached skill level 10 in Axes
   338 | D        | Reached skill level 10 in Armour
   338 | D        | Reached skill level 10 in Shields
   338 | D        | Reached XP level 8. HP: 72/74 MP: 9/11
   356 | D        | Entered arena 6.
   356 | D        | Noticed a ynoxinul
   356 | D        | Noticed a large abomination
   356 | D        | Noticed a brain worm
   362 | D        | Killed a large abomination
   362 | D        | Reached skill level 11 in Shields
   362 | D        | Killed a ynoxinul
   364 | D        | Killed a brain worm
   552 | D        | Entered arena 7.
   552 | D        | Noticed a komodo dragon
   552 | D        | Noticed a white ugly thing
   552 | D        | Noticed a jumping spider
   552 | D        | Noticed a neqoxec
   552 | D        | Noticed a queen bee
   552 | D        | Noticed a komodo dragon
   553 | D        | Gained mutation: Scrolls take you a little longer to read. [a neqoxec]
   555 | D        | Killed a queen bee
   555 | D        | Reached skill level 12 in Shields
   556 | D        | Killed a komodo dragon
   557 | D        | Killed a neqoxec
   557 | D        | Reached XP level 9. HP: 79/83 MP: 11/13
   558 | D        | Noticed an unseen horror
   558 | D        | a jumping spider changed into an unseen horror
   560 | D        | Killed a komodo dragon
   560 | D        | Reached skill level 13 in Shields
   561 | D        | Killed an unseen horror
   561 | D        | Reached skill level 14 in Shields
   562 | D        | Killed a white ugly thing
   562 | D        | Acquired Okawaru's second power
   577 | D        | Gained mutation: Scrolls take you longer to read. [mutagenic meat]
   578 | D        | Gained mutation: Your flesh is heat resistant. [mutagenic meat]
   579 | D        | Gained mutation: You are partially covered in icy blue scales (AC +1). [mutagenic meat]
   580 | D        | Gained mutation: Your magical capacity is low (-10% MP). [mutagenic meat]
   581 | D        | Gained mutation: You evolve. [mutagenic meat]
   582 | D        | Gained mutation: You have sharp toenails. [mutagenic meat]
   583 | D        | Gained mutation: You have a pair of large horns on your head. [mutagenic meat]
   714 | D        | Entered arena 8.
   714 | D        | Noticed a neqoxec
   714 | D        | Noticed a white ugly thing
   714 | D        | Noticed a fire drake
   714 | D        | Noticed a purple ugly thing
   714 | D        | Noticed a shining eye
   714 | D        | Noticed a neqoxec
   714 | D        | Noticed a shining eye
   714 | D        | Gained mutation: You are frail (-10% HP). [a shining eye]
   715 | D        | Gained mutation: Your spells are a little easier to cast, but a little less powerful. [a shining eye]
   718 | D        | Lost mutation: You are frail (-10% HP). [a shining eye]
   718 | D        | Gained mutation: Scrolls take you much longer to read. [a shining eye]
   719 | D        | Killed a shining eye
   720 | D        | Gained mutation: Potions and wands are less effective at restoring your health. [a neqoxec]
   720 | D        | Killed a fire drake
   720 | D        | Received a gift from Okawaru
   720 | D        | Reached skill level 10 in Fighting
   720 | D        | Reached skill level 15 in Shields
   721 | D        | Killed a neqoxec
   721 | D        | Killed a white ugly thing
   721 | D        | Reached XP level 10. HP: 80/93 MP: 13/13
   721 | D        | Killed a shining eye
   724 | D        | Killed a white ugly thing
   724 | D        | Reached skill level 16 in Shields
   725 | D        | Killed a neqoxec
   741 | D        | Gained mutation: You expend magic power (3 MP) to strengthen your wands. [mutagenic meat]
   744 | D        | Gained mutation: You can spit weak poison. [mutagenic meat]
   747 | D        | Lost mutation: Scrolls take you much longer to read. [mutagenic meat]
   775 | D        | Entered arena 9.
   775 | D        | Noticed an eye of devastation
   775 | D        | Noticed a slime creature
   775 | D        | Noticed an eye of devastation
   775 | D        | Noticed a slime creature
   775 | D        | Noticed a slime creature
   775 | D        | Noticed a jelly
   779 | D        | Killed a slime creature
   781 | D        | Killed a jelly
   782 | D        | Killed a slime creature
   783 | D        | Killed a slime creature
   784 | D        | Killed an eye of devastation
   786 | D        | Killed an eye of devastation
   832 | D        | Entered arena 10.
   832 | D        | Noticed a hippogriff
   832 | D        | Noticed a spiny frog
   832 | D        | Noticed a yak
   832 | D        | Noticed a yak
   832 | D        | Noticed an iguana
   836 | D        | Killed a spiny frog
   836 | D        | Reached skill level 17 in Shields
   837 | D        | Killed an iguana
   838 | D        | Killed a hippogriff
   838 | D        | Killed a yak
   841 | D        | Killed a yak
   871 | D        | Entered arena 11.
   871 | D        | Noticed a vault guard
   871 | D        | Noticed a vault guard
   871 | D        | Noticed a vault guard
   871 | D        | Noticed a vault guard
   871 | D        | Noticed a shadow dragon
   872 | D        | Noticed a vault guard
   872 | D        | Noticed a lich
   872 | D        | Noticed a vault guard
   872 | D        | Noticed a yaktaur
   872 | D        | Noticed a vault guard
   879 | D        | Killed a vault guard
   879 | D        | Received a gift from Okawaru
   879 | D        | Reached skill level 10 in Dodging
   880 | D        | Killed a vault guard
   880 | D        | Reached skill level 15 in Axes
   880 | D        | Reached skill level 15 in Armour
   880 | D        | Reached skill level 18 in Shields
   880 | D        | Reached XP level 11. HP: 83/102 MP: 7/15
   881 | D        | Killed a vault guard
   885 | D        | Killed a vault guard
   885 | D        | Received a gift from Okawaru
   885 | D        | Killed a vault guard
   886 | D        | Killed a vault guard
   889 | D        | Killed a lich
   889 | D        | Reached skill level 19 in Shields
   889 | D        | Reached skill level 10 in Invocations
   889 | D        | Killed a yaktaur
   890 | D        | Killed a vault guard
   890 | D        | Received a gift from Okawaru
   894 | D        | Killed a shadow dragon
   894 | D        | Reached XP level 12. HP: 66/113 MP: 8/16
   904 | D        | Got the ring of Naunoug {rN+ Str+2}
   909 | D        | Got a heavily runed large shield {god gift}
   920 | D        | Identified the +0 large shield of Slovenliness {rElec rPois MR- Regen+} (Okawaru gifted it to you in the Dungeon)
  1055 | D        | Entered arena 12.
  1055 | D        | Noticed an ophan
  1055 | D        | Noticed an apis
  1055 | D        | Noticed a pearl dragon
  1056 | D        | Noticed an apis
  1056 | D        | Noticed an apis
  1062 | D        | Killed an apis
  1067 | D        | Killed an apis
  1070 | D        | Killed an apis
  1073 | D        | Killed a pearl dragon
  1073 | D        | Received a gift from Okawaru
  1073 | D        | Reached skill level 20 in Shields
  1074 | D        | Engulfed by a cloud of blessed fire

Vault maps used:
D:        sprint_v

Action                   |  1- 3 |  4- 6 |  7- 9 | 10-12 || total
-------------------------+-------+-------+-------+-------++-------
Melee: Broad axe         |     5 |    12 |    27 |    55 ||    99
Invok: Heroism           |       |       |       |     1 ||     1
       Finesse           |       |       |       |     1 ||     1
  Use: Potion            |     1 |       |       |     1 ||     2
       Scroll            |       |       |       |     1 ||     1
 Stab: Distracted        |       |       |       |     1 ||     1
  Eat: Chunk             |       |       |    10 |     9 ||    19
